 Dungeon Crawl Stone Soup version 0.21.1-1-g345015f (webtiles) character file.

70 prawnwizard the Insei (level 4, -1/29 HPs)
             Began as an Octopode Transmuter on July 23, 2018.
             Slain by a wight
             ... wielding a cursed +0 short sword
              (5 damage)
             ... on level 2 of the Dungeon.
             The game lasted 00:01:37 (941 turns).

prawnwizard the Insei (Octopode Transmuter)          Turns: 941, Time: 00:01:37

Health: -1/29      AC:  1    Str:  9    XL:     4   Next: 21%
Magic:  7/7        EV: 14    Int: 15    God:
Gold:   32         SH:  0    Dex: 13    Spells: 6/7 levels left

rFire    + . .     SeeInvis .     - Unarmed
rCold    . . .     Gourm    .   (no shield)
rNeg     . . .     Faith    .   (helmet restricted)
rPois    .         Spirit   .   (no amulet)
rElec    .         Reflect  .   f - ring of protection from fire
rCorr    .         Harm     .   (no ring)
MR       .....                  (no ring)
Stlth    ++........             (no ring)
HPRegen  0.09/turn              (no ring)
MPRegen  0.10/turn              (no ring)
                                (no ring)
                                (no ring)

@: appendage (expiring)
A: almost no armour, stealthy swim, amphibious, 8 rings, constrict 8, tentacle
spike 3, camouflage 1, gelatinous body 1
a: End Transformation


You were on level 2 of the Dungeon.
You were not hungry.
One of your tentacles had a temporary spike.
You visited 1 branch of the dungeon, and saw 2 of its levels.

You collected 32 gold pieces.

Inventory:

Missiles
 a - 57 arrows
Jewellery
 f - a ring of protection from fire (left tentacle)
 j - an uncursed ring of positive energy {unknown}
Scrolls
 e - a scroll of amnesia {unknown}
 h - a scroll of fear {unknown}
 l - a scroll of magic mapping {unknown}
 n - a scroll of remove curse {unknown}
Potions
 d - a potion of degeneration {unknown}
 i - a potion of mutation {unknown}
 k - a potion of heal wounds {unknown}
 m - a potion of lignification {unknown}
Books
 b - a book of Changes

   Spells                             Type                      Level
   a - Beastly Appendage              Transmutation                1
   b - Sticks to Snakes               Transmutation                2
   c - Spider Form                    Transmutation/Poison         3
   d - Ice Form                       Ice/Transmutation            4
   e - Blade Hands                    Transmutation                5
Comestibles
 c - 2 rations


   Skills:
 + Level 1.8 Fighting
 + Level 2.4 Dodging
 * Level 3.8 Unarmed Combat
 + Level 2.3 Spellcasting
 + Level 2.4 Transmutations


You had 6 spell levels left.
You knew the following spells:

 Your Spells              Type           Power        Failure   Level  Hunger
a - Beastly Appendage     Tmut           #.....       8%          1    #......


Dungeon Overview and Level Annotations

Branches:
Dungeon (2/15)

Altars:


Innate Abilities, Weirdness & Mutations

You cannot wear most types of armour.
You are very stealthy in the water. (Stealth+)
You are amphibious.
You can wear up to eight rings at the same time.
You can use your tentacles to constrict eight enemies at once.
Your skin changes colour to match your surroundings (Stealth+).
Your rubbery body absorbs attacks. (AC +1, EV +1)
One of your tentacles bears a large vicious spike.


Message History

The wight moves out of view.
The wight hits you with a hand axe.
* * * LOW HITPOINT WARNING * * *
You feel drained.
* * * LOW HITPOINT WARNING * * *
You tentacle-slap the wight but do no damage.
You pierce the wight, but do no damage.
You squeeze the wight, but do no damage.
The wight is moderately damaged.
You constrict the wight. The wight misses you.
You completely miss the wight. You squeeze the wight.
The wight is severely damaged.
Your transformation is almost over.
You constrict the wight, but do no damage.
The wight misses you.
You tentacle-slap the wight.
You destroy the wight!
Your life force feels restored.
You have reached level 4!
The wight closely misses you. The wight hits you with a short sword.
You die...

########### ####
#.........# #...
#.........# #...
#.....)...#
####...###.....†...#
.......'......z....#
#......##...zz@....#
[......##...########
###..†(...##
+.!...........
###....?...#.#
#####.#....#
#.#.#### ..### #..


You could see 3 wights.

Vanquished Creatures
  A wight (D:2)
  An adder (D:2)
  3 leopard geckos (D:1)
  2 giant cockroaches
  A goblin (D:1)
  3 kobolds
  A bat (D:1)
  3 frilled lizards
  6 rats
21 creatures vanquished.

Notes
Turn   | Place    | Note
-------+----------+-------------------------------------------
     0 | D:1      | prawnwizard the Octopode Transmuter began the quest for the Orb.
     0 | D:1      | Reached XP level 1. HP: 13/13 MP: 3/3
   217 | D:1      | Reached XP level 2. HP: 14/18 MP: 5/5
   837 | D:2      | Reached XP level 3. HP: 6/23 MP: 6/6
   940 | D:2      | Reached XP level 4. HP: 4/29 MP: 7/7
   941 | D:2      | Slain by a wight

Action                   |  1- 3 |  4- 6 || total
-------------------------+-------+-------++-------
Melee: Unarmed           |    57 |       ||    57
       Constrict         |    14 |       ||    14
       Tentacles         |     7 |       ||     7
       Kick              |     3 |       ||     3
 Cast: Beastly Appendage |     2 |       ||     2
 Stab: Sleeping          |     2 |       ||     2
Armor: Skin              |     4 |       ||     4
Dodge: Dodged            |    31 |     1 ||    32
